 Dungeon Crawl Stone Soup version 0.29-a0-321-gf1c400731a (webtiles) character file.

Game seed: 3920733055253579005

29 Murumi the Bolt Thrower (level 2, 0/21 (26) HPs)
             Began as a Demigod Hunter on Apr 4, 2022.
             Slain by Terence
             ... wielding a +3 morningstar of draining
              (1 damage)
             ... on level 2 of the Dungeon.
             The game lasted 00:05:07 (1333 turns).

Murumi the Bolt Thrower (Demigod Hunter)            Turns: 1333, Time: 00:05:08

HP:   0/21 (26)     AC:  6    Str: 15    XL:     2   Next: 81%
MP:   4/4           EV: 12    Int: 11    God:
Gold: 53            SH:  0    Dex: 17    Spells: 1/1 levels left

rFire   . . .      SeeInvis .   a - +2 hand crossbow
rCold   . . .      Faith    .   (no shield)
rNeg    . . .      Spirit   .   b - +0 leather armour
rPois   .          Reflect  .   (no helmet)
rElec   +          Harm     .   g - +1 cloak of Juigomel {rElec rCorr Str+3}
rCorr   +          Rampage  .   d - +0 pair of gloves
Will    .....                   (no boots)
Stlth   ++........              (no amulet)
HPRegen 0.07/turn               (no ring)
MPRegen 0.09/turn               (no ring)

@: studying 2 skills, heavily drained
A: high MP 1, forlorn, divine attributes
a: no special abilities


You were on level 2 of the Dungeon.
You visited 1 branch of the dungeon, and saw 2 of its levels.

You collected 53 gold pieces.

Inventory:

Hand Weapons
 a - a +2 hand crossbow (weapon)
Armour
 b - a +0 leather armour (worn)
 d - a +0 pair of gloves (worn)
 g - the +1 cloak of Juigomel (worn) {rElec rCorr Str+3}
   (You acquired it on level 1 of the Dungeon)

   Str:       It affects your strength (+3).
   rElec:     It insulates you from electricity.
   rCorr:     It protects you from acid and corrosion.
Scrolls
 c - a scroll of immolation
 j - a scroll of teleportation
Potions
 e - 2 potions of haste
 f - 2 potions of brilliance
 h - 3 potions of curing {unknown}
 i - a potion of heal wounds
 k - a potion of invisibility {unknown}


   Skills:
 - Level 3.0 Fighting
 - Level 4.0 Crossbows
 - Level 2.0 Dodging
 + Level 1.1 Stealth


You had one spell level left.
You didn't know any spells.
Your spell library contained the following spells:

 Spells                   Type           Power      Damage    Failure   Level
 Summon Small Mammal      Summ           0%         N/A       41%         1
 Call Canine Familiar     Summ           0%         N/A       78%         3
 Conjure Flame            Conj/Fire      0%         6-21      78%         3
 Ignite Poison            Fire/Tmut/Pois 0%         N/A       78%         3
 Ozocubu's Armour         Ice            0%         N/A       78%         3
 Summon Guardian Golem    Hex/Summ       0%         N/A       78%         3
 Sticky Flame             Conj/Fire      0%         2d3       99%         4
 Metabolic Englaciation   Hex/Ice        0%         N/A       100%        5
 Simulacrum               Ice/Necr       0%         N/A       100%        6


Dungeon Overview and Level Annotations

Branches:
Dungeon (2/15)

Shops:
D:1 [[

Annotations:
D:2 Terence


Innate Abilities, Weirdness & Mutations

You have an increased reservoir of magic. (+10% MP)
You shall have no god before yourself.
Your divine heritage dramatically boosts your attributes as you level up.


Message History

Terence hits you with a +3 morningstar of draining!
You feel drained.
Shoot: a) +2 hand crossbow
Press: ? - help, Q - select action Shift-Dir - straight line, f - endoplasm, p - Terence
Aim: an endoplasm (88% to hit)
You shoot a bolt. The bolt closely misses Terence.
The bolt hits the endoplasm.
The endoplasm is moderately wounded.
Terence hits you but does no damage.
You feel drained.
Shoot: a) +2 hand crossbow
Press: ? - help, Q - select action Shift-Dir - straight line, f/p - endoplasm
Aim: an endoplasm (moderately wounded, 88% to hit)
You shoot a bolt. The bolt hits Terence.
Terence is almost dead.
Terence misses you. Terence barely misses you.
Shoot: a) +2 hand crossbow
Press: ? - help, Q - select action Shift-Dir - straight line, f/p - endoplasm
Aim: an endoplasm (moderately wounded, 88% to hit)
You shoot a bolt. The bolt closely misses Terence.
The bolt hits the endoplasm but does no damage.
The endoplasm is moderately wounded.
Terence closely misses you.
Shoot: a) +2 hand crossbow
Press: ? - help, Q - select action Shift-Dir - straight line, f/p - endoplasm
Aim: an endoplasm (moderately wounded, 88% to hit)
You shoot a bolt.
The bolt hits Terence but does no damage.
Terence is almost dead.
Terence hits you with a +3 morningstar of draining.
* * * LOW HITPOINT WARNING * * *
You feel drained.
* * * LOW HITPOINT WARNING * * *
Shoot: a) +2 hand crossbow
Press: ? - help, Q - select action Shift-Dir - straight line, f/p - endoplasm
Aim: an endoplasm (moderately wounded, 88% to hit)
You shoot a bolt. The bolt closely misses Terence.
The bolt hits the endoplasm.
The endoplasm is almost dead.
Terence hits you with a +3 morningstar of draining.
* * * LOW HITPOINT WARNING * * *
You feel drained.
You die...

#.#.#.######.....
#.#.#.# #.....
#.#.#.# #.....
#...#.# #.....
#####.# #.....
#.# ###...
######.# #...
#......# #...
#@###### #... #@#
#### #J# #... #.#
#... #'# #...
#.............#
###...
#.............#
#.'...
####..........#
#.#...
#..........#
#.#...


You could see Terence and an endoplasm.

Vanquished Creatures
  A dart slug (D:1)
  2 ball pythons (D:2)
  3 endoplasms
  A giant cockroach (D:1)
  2 goblins
  3 hobgoblins
  3 jackals (D:2)
  4 frilled lizards
  3 kobolds
  2 rats (D:1)
24 creatures vanquished.

Notes
Turn   | Place    | Note
-------+----------+-------------------------------------------
     0 | D:1      | Murumi the Demigod Hunter began the quest for the Orb.
     0 | D:1      | Reached XP level 1. HP: 17/17 MP: 3/3
    45 | D:1      | Reached skill level 1 in Stealth
    69 | D:1      | Reached XP level 2. HP: 23/24 MP: 4/4
    87 | D:1      | Identified 3 scrolls of acquirement
    87 | D:1      | Acquired the +1 cloak of Juigomel {rElec rCorr Str+3}
    93 | D:1      | Acquired a manual of Fighting
    94 | D:1      | Acquired a manual of Long Blades
   472 | D:1      | Found Jilal's Antique Armour Boutique.
   554 | D:1      | Found Viecrex's Antique Armour Shop.
   558 | D:1      | Reached skill level 4 in Crossbows
  1317 | D:2      | Noticed Terence
  1333 | D:2      | HP: 1/22 [Terence/+3 morningstar of draining (3)]
  1333 | D:2      | Slain by Terence

Illustrated notes

Levels and vault maps discovered:
D:1:      dpeg_arrival_rooms_b, layout_basic, serial_shops,
          nicolae_shop_competitors_out_of_business, shop, minmay_hexomino_c4
D:2:      layout_basic, basic_altar, ebering_ecumenical_altar_rust,
          uniq_jessica, uniq_terence

Skill      XL: |  1  2 |
---------------+-------+-----
Stealth        | 1 |  1.1
Fighting       | 2 3 |  3.0
Dodging        | 2 |  2.0
Crossbows      | 4 |  4.0

Action                   || total
-------------------------++-------
 Fire: Hand crossbow     ||    53
  Use: Scroll            ||     9
Armor: Leather armour    ||     8
Dodge: Dodged            ||    15

Table legend: (Time is in decaauts)
 A = Elapsed time spent in this place.
 B = Non-inter-level travel time spent in this place.
 C = Inter-level travel time spent in this place.
 D = Time resting spent in this place.
 E = Time spent auto-exploring this place.
 F = Levels seen in this place.
 G = Mean time per level.
                   A        B        C        D        E       F      G
               +--------+--------+--------+--------+--------+-----+--------+
         Total |   1352 |   1267 |     85 |     33 |   1043 |   2 |  676.0 |
       Dungeon |   1352 |   1267 |     85 |     33 |   1043 |   2 |  676.0 |
               +--------+--------+--------+--------+--------+-----+--------+

Top non-repeatable levels by time:
     D:1: 914 daAuts
     D:2: 438 daAuts
